 Dungeon Crawl Stone Soup version 0.32-a0-131-g9dbbe29261 (webtiles) character file.

Game seed: 10835998079864078614

24894 hikkokomori the Grappler (level 12, -6/119 HPs)
             Began as a Troll Fighter on Feb 9, 2024.
             Was the Champion of Okawaru.
             Mangled by an elephant (12 damage)
             ... on level 4 of the Lair of Beasts.
             The game lasted 00:41:01 (11472 turns).

hikkokomori the Grappler (Troll Fighter)           Turns: 11472, Time: 00:41:01

Health: -6/119     AC:  9    Str: 27    XL:     12   Next: 84%
Magic:  14/14      EV:  9    Int: 12    God:    Okawaru [******]
Gold:   691        SH:  9    Dex:  9    Spells: 13/15 levels left

rFire   . .          .
                       - Unarmed
rCold   + . .        b - +0 kite shield
rNeg    . . .        O - +0 acid dragon scales
rPois   +            V - +0 hat of the Stonemason {+Inv rPois Int+8 Dex-4}
rElec   .            M - +0 cloak
rCorr   +            (gloves unavailable)
SInv    .            (boots unavailable)
Will    .....        w - amulet of regeneration
Stlth   +            q - ring of protection from cold
HPRegen 1.99/turn    c - ring of resist corrosion
MPRegen 0.14/turn

%: no passive effects
@: about to teleport
A: large, unfitting armour, claws 3, regeneration 1, shaggy fur 1, tough skin 1
a: Renounce Religion, Evoke Invisibility, Heroism, Finesse, Duel


You were on level 4 of the Lair of Beasts.
You worshipped Okawaru.
Okawaru was exalted by your worship.
You visited 3 branches of the dungeon, and saw 15 of its levels.

You collected 756 gold pieces.
You spent 65 gold pieces at shops.

Inventory:

Hand Weapons
 Z - a +2 antimagic demon blade
Missiles
 e - 3 darts of dispersal
 u - 11 boomerangs (quivered)
 A - 29 poisoned darts
 C - 6 atropa-tipped darts
 G - 4 curare-tipped darts
 L - 17 large rocks
 T - 7 javelins
 W - 8 silver javelins
Armour
 a - a +0 robe
 b - a +0 kite shield (worn)
 n - +0 steam dragon scales
 p - the +1 robe of Pueroclera {Rampage rC- SInv}
   (You found it on level 3 of the Dungeon)

   rC-:       It makes you vulnerable to cold.
   SInv:      It lets you see invisible.
   Rampage:   It bestows one free step when moving towards enemies.
 M - a +0 cloak (worn)
 O - +0 acid dragon scales (worn)
 V - the +0 hat of the Stonemason (worn) {+Inv rPois Int+8 Dex-4}
   (Okawaru gifted it to you on level 2 of the Lair of Beasts)

   Int+8:     It affects your intelligence (+8).
   Dex-4:     It affects your dexterity (-4).
   rPois:     It protects you from poison +Inv: It lets you turn invisible.
Jewellery
 c - a ring of resist corrosion (right claw)
 q - a ring of protection from cold (left claw)
 r - a ring of magical power
 w - an amulet of regeneration (around neck)
 D - a +6 ring of intelligence
 K - an amulet of the acrobat
 S - a ring of positive energy
 Y - a ring of see invisible
Wands
 x - a wand of roots (8)
 B - a wand of flame (36)
 P - a wand of polymorph (2)
 U - a wand of mindburst (27)
Scrolls
 g - a scroll of summoning {unknown}
 h - 2 scrolls of amnesia
 i - a scroll of brand weapon
 k - 2 scrolls of enchant weapon
 l - a scroll of enchant armour {unknown}
 s - 8 scrolls of teleportation
 t - a scroll of torment {unknown}
 v - 2 scrolls of vulnerability
 E - 3 scrolls of revelation
 H - 2 scrolls of fear
 Q - 2 scrolls of noise
 R - a scroll of poison {unknown}
 X - a scroll of immolation {unknown}
Potions
 d - 4 potions of mutation
 f - a potion of brilliance
 j - a potion of ambrosia
 m - a potion of curing
 o - 3 potions of degeneration
 y - a potion of lignification
 z - 2 potions of resistance
 F - a potion of enlightenment
 I - a potion of might
 J - a potion of cancellation
 N - a potion of heal wounds


   Skills:
 - Level 8.0 Fighting
 - Level 8.0 Throwing
 - Level 3.5 Dodging
 - Level 2.0 Stealth
 + Level 8.1 Shields
 - Level 11.0 Unarmed Combat
 - Level 2.0 Spellcasting
 - Level 2.0 Translocations
 + Level 4.7 Invocations
 + Level 6.6 Evocations


You had 13 spell levels left.
You knew the following spells:

 Your Spells              Type           Power      Damage    Failure   Level
a - Blink                 Tloc           12%        N/A       36%         2

Your spell library contained the following spells:

 Spells                   Type           Power      Damage    Failure   Level
 Lesser Beckoning         Tloc           12%        N/A       36%         2
 Foxfire                  Conj/Fire      4%         2x1d4     50%         1
 Freeze                   Ice            4%         1d3       50%         1
 Kiss of Death            Conj/Necr      4%         2d5       50%         1
 Magic Dart               Conj           4%         1d3       50%         1
 Sandblast                Erth           2%         2d4       50%         1
 Gell's Gravitas          Tloc           6%         N/A       58%         3
 Teleport Other           Tloc           6%         N/A       58%         3
 Cigotuvi's Dreadful Rot  Necr/Alch/Air  2%         N/A       65%         2
 Sublimation of Blood     Necr           1%         N/A       65%         2
 Confusing Touch          Hex            1%         N/A       86%         3
 Frozen Ramparts          Ice            2%         1d1       86%         3
 Hailstorm                Conj/Ice       1%         3d5       86%         3
 Inner Flame              Hex/Fire       1%         N/A       86%         3
 Passwall                 Erth           1%         N/A       86%         3
 Stone Arrow              Conj/Erth      2%         3d7       86%         3
 Brom's Barrelling Bould  Conj/Erth      1%         2d3       99%         4
 Dispel Undead            Necr           1%         3d6       99%         4
 Flame Wave               Conj/Fire      1%         2d4       99%         4
 Ignite Poison            Fire/Alch      1%         N/A       99%         4
 Petrify                  Alch/Erth      1%         N/A       99%         4
 Sticky Flame             Fire/Alch      1%         2d4       99%         4
 Freezing Cloud           Conj/Ice/Air   0%         6-21      100%        5
 Irradiate                Conj/Alch      0%         3d11      100%        5
 Plasma Beam              Fire/Air       0%         2x1d10    100%        6
 Starburst                Conj/Fire      0%         6d3       100%        6
 Borgnjor's Revivificati  Necr           0%         N/A       100%        8
 Ignition                 Fire           0%         3d3       100%        8
 Death's Door             Necr           0%         N/A       100%        9
 Call Imp                 Summ           Unusable   N/A       N/A         2
 Haunt                    Necr/Summ      Unusable   N/A       N/A         7

Dungeon Overview and Level Annotations

Branches:
Dungeon (10/15)            Temple (1/1) D:7            Lair (4/5) D:8
  Swamp (0/4) Lair:2        Snake (0/4) Lair:2          Orc (0/2) D:9
  Slime: Lair:4-5

Altars:
Ashenzari
Cheibriados
Dithmenos
Elyvilon
Fedhas
Gozag
Hepliaklqana
Kikubaaqudgha
Makhleb
Nemelex Xobeh
Okawaru
Qazlal
Ru
Sif Muna
Trog
Uskayaw
Vehumet
Wu Jian
Xom
Yredelemnul
Zin
The Shining One

Shops:
D:3 ?   D:8 *   D:10 !

Annotations:
D:6 1 runed translucent door, GibletGobbler's ghost, novice DrBe
D:10 3 runed translucent doors, Azoth's ghost, journeyman DrSh
Lair:3 exclusion: downstairs


Innate Abilities, Weirdness & Mutations

You are too large for most types of armour.
You have claws for hands.
Your natural rate of healing is unusually fast.
You are covered in fur. (AC +1)
You have tough skin. (AC +1)


Message History

You scratch the elephant.
The elephant is moderately wounded.
An elephant comes into view.
The elephant trumpets!
You scratch the elephant.
The elephant is moderately wounded.
You hear a trumpeting!
You block the elephant's attack. The elephant misses you.
An elephant comes into view.
You hear a loud, deep croak!
Okay, then.
As you read the scroll of teleportation, it crumbles to dust.
You feel strangely unstable.
The elephant trumpets!
The elephant tramples you.
You hold your ground!
The elephant trunk-slaps you but does no damage.
An elephant comes into view.
The elephant tramples you!
You hold your ground!
The elephant trunk-slaps you but does no damage.
You mangle the elephant!!
The elephant is severely wounded.
The elephant tramples you.
You hold your ground!
You block the elephant's attack. The komodo dragon barely misses you.
The elephant tramples you!
You hold your ground!
You block the elephant's attack.
Unknown command.
You mangle the elephant!!
You kill the elephant!
Okawaru accepts your kill. The komodo dragon bites you!!
* * * LOW HITPOINT WARNING * * *
The elephant tramples you.
* * * LOW HITPOINT WARNING * * *
You hold your ground!
You block the elephant's attack.
Unknown command.
The elephant tramples you!
* * * LOW HITPOINT WARNING * * *
You hold your ground!
The elephant closely misses you. The elephant tramples you!
You die...

#P......##.#..# ....
##...P###....## .>.⌠
.....# ##.....# ..#.#
..... #..l...# .....
##.## ##.....## #..Y. ##
##......# ...# #.....P##
...#
##....#########...##
#.....#l@Y..#..!..##.
#.......YYY..†.......
#....................
#....#.......#...####
#..##.#......P...#
P..>..............P.
...............#..P....
................#.......
..............#.#P.$....


You could see 4 elephants and a komodo dragon.

Vanquished Creatures
  A hydra (Lair:4)
  A boulder beetle (Lair:1)
  A two-headed ogre (D:10)
  A death yak (Lair:3)
  A manticore (D:8)
  A cyclops (D:9)
  An elephant (Lair:4)
  6 black mambas
  A gargoyle (D:10)
  An unseen horror (D:10)
  8 cane toads
  5 rime drakes
  5 komodo dragons
  Grinder (D:5)
  A troll (D:10)
  3 blink frogs (Lair:3)
  Sigmund (D:5)
  2 wyverns
  A vampire (D:8)
  19 yaks
  Grum (D:10)
  3 steam dragons (D:9)
  2 basilisks (Lair:1)
  A warg (D:8)
  2 acid dragons (D:9)
  20 water moccasins
  4 orc warriors
  4 sky beasts
  An ice beast (D:8)
  2 black bears
  3 ogres
  11 wolves
  2 phantoms
  7 centaurs
  6 kobold brigands
  A gnoll sergeant (D:9)
  9 bullfrogs
  A scorpion (D:5)
  6 wights
  21 killer bees
  10 electric eels
  3 hounds
  3 bombardier beetles
  2 gnoll boudas
  7 orc priests
  4 iguanas
  Ijyb (D:4)
  10 orc wizards
  Robin (D:2)
  6 adders
  10 gnolls
  A shadow imp (D:7)
  4 ufetubi
  The ghost of Esekla the Sneak, a weakling OpDe (D:5)
  3 dart slugs
  3 ribbon worms
  34 orcs
  5 ball pythons
  2 bats
  11 endoplasms
  2 giant cockroaches
  13 goblins
  14 hobgoblins
  2 jackals (D:1)
  5 quokkas
  3 frilled lizards
  24 kobolds
  5 rats
357 creatures vanquished.

Notes
Turn   | Place    | Note
-------+----------+-------------------------------------------
     0 | D:1      | hikkokomori the Troll Fighter began the quest for the Orb.
     0 | D:1      | Reached XP level 1. HP: 22/22 MP: 0/0
   106 | D:1      | Reached XP level 2. HP: 24/29 MP: 1/1
   251 | D:1      | Reached skill level 1 in Throwing
   251 | D:1      | Reached skill level 3 in Unarmed Combat
   419 | D:1      | Reached XP level 3. HP: 32/36 MP: 2/2
   734 | D:2      | Noticed Robin
   751 | D:2      | Killed Robin
   784 | D:2      | Identified the +0 pair of gloves of Distant Worlds {rN+}
   788 | D:2      | Reached XP level 4. HP: 43/44 MP: 3/3
   969 | D:2      | Found a shimmering blue altar of Sif Muna.
  1206 | D:3      | Found a faded altar of an unknown god.
  1324 | D:3      | Identified the +1 robe of Pueroclera {Rampage rC- SInv}
  1375 | D:3      | Found Learph's Magic Scroll Boutique.
  1455 | D:3      | Bought a scroll of teleportation for 39 gold pieces
  1455 | D:3      | Bought a scroll of identify for 26 gold pieces
  1528 | D:3      | Noticed a centaur
  1535 | D:3      | Killed a centaur
  1536 | D:3      | Reached skill level 4 in Unarmed Combat
  1536 | D:3      | Reached XP level 5. HP: 44/50 MP: 4/4
  1812 | D:4      | Noticed Ijyb
  1830 | D:3      | Reached XP level 6. HP: 30/59 MP: 5/5
  1902 | D:4      | Killed Ijyb
  1903 | D:4      | Reached skill level 5 in Unarmed Combat
  2242 | D:4      | Found a shimmering blue altar of Sif Muna.
  2404 | D:5      | Entered Level 5 of the Dungeon
  2404 | D:5      | Noticed Sigmund
  2414 | D:5      | Killed Sigmund
  2415 | D:5      | Reached XP level 7. HP: 67/67 MP: 6/6
  2462 | D:5      | Reached skill level 6 in Unarmed Combat
  2617 | D:5      | Noticed Grinder
  2630 | D:5      | Paralysed by Grinder for 4 turns
  2635 | D:5      | Killed Grinder
  2636 | D:5      | Reached skill level 7 in Unarmed Combat
  2636 | D:5      | Reached XP level 8. HP: 73/78 MP: 7/7
  2738 | D:5      | Found a runed translucent gate.
  2738 | D:5      | Found a runed translucent gate.
  2738 | D:5      | Found a runed translucent gate.
  2738 | D:5      | Noticed Esekla's ghost (weakling OpDe)
  3133 | D:6      | Reached skill level 8 in Unarmed Combat
  3149 | D:6      | Noticed GibletGobbler's ghost (novice DrBe)
  3154 | D:6      | Found a runed translucent door.
  3314 | D:6      | Reached skill level 1 in Evocations
  3943 | D:7      | HP: 2/78 [killer bee (2)]
  4015 | D:7      | Reached skill level 5 in Throwing
  4135 | D:7      | Found a staircase to the Ecumenical Temple.
  4209 | Temple   | Entered the Ecumenical Temple
  4232 | Temple   | Became a worshipper of Warmaster Okawaru
  4302 | D:7      | Reached XP level 9. HP: 68/84 MP: 8/8
  4304 | D:7      | Reached skill level 1 in Stealth
  4812 | D:8      | Reached * piety under Okawaru
  4830 | D:8      | Found a staircase to the Lair.
  4857 | D:8      | Reached skill level 5 in Evocations
  4905 | D:8      | Found Nagosmov's Overcharged Wands.
  5000 | D:5      | Killed Esekla's ghost
  5422 | D:8      | Noticed a manticore
  5434 | D:8      | HP: 4/85 [manticore (2)]
  5435 | D:8      | Killed a manticore
  5435 | D:8      | Reached ** piety under Okawaru
  5581 | D:8      | Reached skill level 5 in Fighting
  5820 | D:8      | Reached XP level 10. HP: 43/96 MP: 9/9
  6140 | D:9      | Reached skill level 9 in Unarmed Combat
  6140 | D:9      | Noticed a cyclops
  6154 | D:9      | Killed a cyclops
  6154 | D:9      | Reached *** piety under Okawaru
  6209 | D:9      | Found a staircase to the Orcish Mines.
  6291 | D:9      | Reached **** piety under Okawaru
  6888 | D:9      | Reached skill level 5 in Shields
  7317 | D:10     | Entered Level 10 of the Dungeon
  7321 | D:10     | Learned a level 2 spell: Blink
  7370 | D:10     | Reached skill level 10 in Unarmed Combat
  7605 | D:10     | Found Piotz's Distillery.
  7649 | D:10     | Noticed a two-headed ogre
  7659 | D:10     | Killed a two-headed ogre
  7660 | D:10     | Reached XP level 11. HP: 88/102 MP: 10/10
  7763 | D:10     | Reached ***** piety under Okawaru
  7825 | D:10     | Noticed Grum
  7833 | D:10     | Found a runed translucent gate.
  7833 | D:10     | Found a runed translucent gate.
  7833 | D:10     | Found a runed translucent gate.
  7837 | D:10     | Noticed Azoth's ghost (journeyman DrSh)
  7845 | D:10     | Killed Grum
  8020 | D:10     | Reached skill level 1 in Translocations
  8020 | D:10     | Reached skill level 1 in Invocations
  8217 | Lair:1   | Entered Level 1 of the Lair of Beasts
  8303 | Lair:1   | Identified the +5 flail "Cidghe" {vamp, rF- Str+5 Dex+5}
  8399 | Lair:1   | Reached skill level 11 in Unarmed Combat
  8491 | Lair:1   | Reached skill level 1 in Spellcasting
  8635 | Lair:1   | Received a gift from Okawaru
  9251 | Lair:2   | Noticed a boulder beetle
  9289 | Lair:1   | Killed a boulder beetle
  9409 | Lair:2   | Found a staircase to the Swamp.
  9461 | Lair:2   | Reached XP level 12. HP: 86/118 MP: 14/14
  9521 | Lair:2   | Received a gift from Okawaru
  9702 | Lair:2   | Reached ****** piety under Okawaru
  9754 | Lair:2   | Acquired the +0 hat of the Stonemason {+Inv rPois Int+8
                  | Dex-4}
  9754 | Lair:2   | Received a gift from Okawaru
  9766 | Lair:2   | Found a staircase to the Snake Pit.
 10368 | Lair:3   | Acquired a +2 antimagic demon blade
 10368 | Lair:3   | Received a gift from Okawaru
 10660 | Lair:3   | Received a gift from Okawaru
 11214 | Lair:4   | Noticed a death yak
 11214 | Lair:4   | Noticed a death yak
 11214 | Lair:4   | Noticed a death yak
 11214 | Lair:4   | Noticed a death yak
 11214 | Lair:4   | Noticed a death yak
 11231 | Lair:3   | Killed a death yak
 11440 | Lair:4   | Noticed a seven-headed hydra
 11450 | Lair:4   | Killed an 11-headed hydra
 11472 | Lair:4   | Mangled by an elephant

Illustrated notes

Levels and vault maps discovered:
D:1:      dpeg_arrival_tiny_a, layout_basic
D:2:      layout_rooms, basic_altar, uniq_robin
D:3:      layout_rooms, serial_shops, shop, nicolae_ecumenical_pavilion,
          kennysheep_generic_room_9
D:4:      layout_cave_pools, mainiacjoe_overflow_small_starburst, uniq_ijyb
D:5:      layout_rooms, ebering_ghost_rock_garden, eino_curves_02,
          hangedman_abyss_or_decor_passed, uniq_sigmund, uniq_grinder
D:6:      layout_cave_pods, hellmonk_ghost_happy_afterlife
D:7:      black_bear_nest_1, layout_loops_ring, minmay_temple_entry_stoned_glass
D:8:      layout_loops_ring, erik_lair_orcish_takeover, kennysheep_small_spiral,
          nicolae_shop_overcharged_wands
D:9:      layout_basic, erik_orc_3, serial_bayou, serial_bayou_lake_a,
          serial_bayou_ford_a, serial_bayou_shore_b, serial_bayou_pond_e,
          serial_bayou_pond_b, hangedman_misty_isle
D:10:     layout_basic, serial_shops, nicolae_shop_tiny_statue_garden,
          gammafunk_ghost_nasty_kobolds, grunt_ministairs_14, library_closet,
          kennysheep_generic_room_16, uniq_grum
Temple:   mainiacjoe_temple_hex_bubbles
Lair:1:   layout_long_grid, beast_lair_carwin_8, serial_bayou_shore_a
Lair:2:   layout_gridlike, swamp_mist_pool, minmay_snake_entry_six_corridors,
          st_stairs_9, grunt_megastairs_2, lemuel_fruit_tree
Lair:3:   layout_loops_ring, beast_lair_carwin_9
Lair:4:   layout_gridlike, dreamdust_gnoll_shepherd, grunt_megastairs_1,
          infiniplex_staircase_pool

Skill      XL: |  1  2  3  4  5  6  7  8  9 10 11 12 |
---------------+-------------------------------------+-----
Throwing       | 1 2 3 5 7 8 |  8.0
Unarmed Combat | 3 4 5 7 8 10 11 | 11.0
Fighting       | 3 4 5 7 8 |  8.0
Evocations     | 3 5 6 |  6.6
Stealth        | 2 |  2.0
Shields        | 5 6 8 |  8.1
Translocations | 2 |  2.0
Invocations    | 2 4 |  4.7
Spellcasting   | 2 |  2.0
Dodging        | 3 |  3.5

Action                     |  1- 3 |  4- 6 |  7- 9 | 10-12 || total
---------------------------+-------+-------+-------+-------++-------
  Melee: Unarmed           |    84 |   134 |   263 |   581 ||  1062
  Throw: Dart              |       |     6 |     9 |    25 ||    40
         Stone             |       |     4 |       |       ||     4
         Boomerang         |       |     2 |       |   108 ||   110
         Javelin           |       |       |     8 |    10 ||    18
         Large rock        |       |       |     1 |    14 ||    15
 Invoke: Heroism           |       |       |       |     2 ||     2
         Receive Weapon    |       |       |       |     1 ||     1
         Receive Armour    |       |       |       |     1 ||     1
  Evoke: Wand              |       |     1 |     2 |    17 ||    20
    Use: Scroll            |     1 |       |     7 |     6 ||    14
         Potion            |       |       |     8 |     4 ||    12
   Stab: Sleeping          |     1 |     1 |     1 |     2 ||     5
         Confused          |       |       |     2 |       ||     2
         Invisible         |       |       |       |     1 ||     1
 Armour: Robe              |    41 |    69 |   184 |   327 ||   621
         Skin              |       |       |       |    31 ||    31
         Acid dragon scale |       |       |       |   107 ||   107
  Dodge: Dodged            |    18 |    49 |   106 |   188 ||   361
  Block: Kite shield       |    22 |    48 |   109 |   258 ||   437

Table legend: (Time is in decaauts)
 A = Elapsed time spent in this place.
 B = Non-inter-level travel time spent in this place.
 C = Inter-level travel time spent in this place.
 D = Time resting spent in this place.
 E = Time spent auto-exploring this place.
 F = Levels seen in this place.
 G = Mean time per level.
                   A        B        C        D        E       F      G
               +--------+--------+--------+--------+--------+-----+--------+
         Total |  11448 |  10615 |    833 |    238 |   7654 |  15 |  763.2 |
       Dungeon |   8177 |   7450 |    727 |    131 |   5376 |  10 |  817.7 |
        Temple |     43 |      7 |     36 |      0 |      0 |   1 |   43.0 |
          Lair |   3227 |   3158 |     69 |    107 |   2278 |   4 |  806.8 |
               +--------+--------+--------+--------+--------+-----+--------+

Top non-repeatable levels by time:
     D:9: 1396 daAuts
  Lair:1: 1101 daAuts
     D:7: 1010 daAuts
  Lair:2: 999 daAuts
     D:6: 942 daAuts
  Lair:3: 871 daAuts
    D:10: 857 daAuts
     D:8: 810 daAuts
     D:3: 722 daAuts
     D:1: 717 daAuts
     D:5: 658 daAuts
     D:4: 619 daAuts
     D:2: 441 daAuts
  Lair:4: 254 daAuts
  Temple: 43 daAuts
